MingLee, neutral male gnomish Wizard # ## --------.--. ----- +....-..|..| +...| |....|..|..| |...| | ----+-----....----|--+-----...| |...............................| | -+-----+--.......-|----+---...| |......{|....|@ |...| |.......|..@.| |...| | ---- -----.......|.._.| |...| |.............{....|.%..| |.... | -------+-------.----------|...| |(((.|.|....|(((@|...| |(((.(.-....|m((.Ga..| |(((.|.| ...|(((.|...- | ---------------.-----------...| |...............................| --------------------------------- MingLee the Conjurer Experience level: 5 Strength: 12 Dexterity: 14 Constitution: 14 Intelligence: 17 Wisdom: 11 Charisma: 9 Health: 0(27) Energy: 42(49) Def: 1 Gold: 224 Moves: 1917 Dungeon seed: VXxPn9VE1MA7M-Bz Game ID: MingLee_1463164644 Your Inventory: Coins $ - 224 gold pieces Amulets q - an uncursed amulet of ESP (being worn) Weapons a - a blessed burnt +1 quarterstaff (weapon in hands) Armor e - an uncursed +0 cloak of magic resistance (being worn) Comestibles o - 2 uncursed slime molds p - 4 uncursed food rations s - 2 uncursed lichen corpses Scrolls i - 2 uncursed scrolls of enchant armor j - an uncursed scroll of gold detection Spellbooks k - a blessed spellbook of force bolt Potions f - an uncursed potion of confusion g - an uncursed potion of water h - an uncursed potion of sickness u - a blessed potion of monster detection Rings c - an uncursed ring of warning d - an uncursed ring of fire resistance Wands b - an uncursed wand of cancellation (0:6) t - an uncursed wand of magic missile (0:7) Tools z - an uncursed tallow candle (0:200) A - an uncursed skeleton key Gems n - an uncursed touchstone Spells and supernatural/magical abilities: Name Level Category Fail Memory a - force bolt 1 attack 0% 91% m - magic missile 2 attack 0% 91% W - pray for help -- divine ? -- Your skills at the end: Fighting Skills Weapon Skills quarterstaff [Basic] Spellcasting Skills attack spells [Basic] enchantment spells [Basic] Final Attributes: You were piously aligned. You were magic-protected. You were telepathic. You had infravision. You are dead. Vanquished creatures: 2 rock moles a dwarf a homunculus a kobold shaman a giant bat an iguana 5 coyotes a gas spore 2 hobbits a hobgoblin 2 giant rats a yellow mold a red mold a gnome zombie 3 geckos 7 jackals 2 foxes 2 goblins 5 grid bugs 3 lichens a kobold zombie 4 newts 48 creatures vanquished. Voluntary challenges: You used a wielded weapon 58 times, starting on turn 3. You read items or engraved 3 times, starting on turn 511. You never genocided any monsters. You never polymorphed an object. You never changed form. You used no wishes. You never split a pudding. You never wrote Elbereth's name. You violated your moral code, losing 1 point of alignment, starting on turn 1556. Dungeon overview: The Dungeons of Doom: levels 1 to 4 Level 1 a long staircase Level 2 Level 3 a general store stairs to The Gnomish Mines Level 4 The Gnomish Mines: levels 4 to 7 Level 4 stairs to The Dungeons of Doom Level 5 Level 6 Level 7 <- You were here some shops, a temple to Ptah, some fountains History has recorded: On T:1 you entered the Dungeons of Doom to retrieve the Amulet of Yendor! On T:73 you reached level 2 of The Dungeons of Doom. On T:416 you advanced to experience level 2. On T:516 you reached level 3 of The Dungeons of Doom. On T:886 you reached level 1 of The Gnomish Mines. On T:901 you advanced to experience level 3. On T:926 you reached level 4 of The Dungeons of Doom. On T:1111 you reached level 2 of The Gnomish Mines. On T:1168 you advanced to experience level 4. On T:1761 you reached level 3 of The Gnomish Mines. On T:1786 you reached level 4 of The Gnomish Mines. On T:1829 you advanced to experience level 5. Score breakdown: Gold: 224 ( 8001 points) Experience: 5 levels (11141 points) Exploration: 7 levels ( 14.58%) (10718 points) Discoveries: 13 items ( 4.51%) ( 6373 points) Valuables value: (no points given unless you survive) Artifact value: 0 ( 0 points) Variety of kills: 22 monsters ( 5.77%) ( 7208 points) Turncount: 1917 turns ( 0 points) Survival: died (score multiplied by 80%) Total score: 34752 Latest messages: n - an uncursed touchstone. A touchstone lands on the altar. The spell misses the giant beetle. The giant beetle bites! You die... Nieb gratefully inherits all your possessions. Final status: Goodbye MingLee the Wizard, killed by a giant beetle... You died in The Gnomish Mines on dungeon level 7 with 34752 points, and 224 pieces of gold, after 1917 moves. You were level 5 with a maximum of 27 hit points when you died.